 Dungeon Crawl Stone Soup version 0.25.0-1-g7eea58d2a3 (webtiles) character file.

Game seed: 516618122632067898

3864 sanka the Destroyer (level 9, -13/72 HPs)
             Began as a Black Draconian Fire Elementalist on June 14, 2020.
             Was a Priest of Vehumet.
             Mangled by an orc warrior
             ... wielding a +0 trident
              (23 damage)
             ... on level 7 of the Dungeon.
             The game lasted 01:48:18 (12604 turns).

sanka the Destroyer (DrFE)                         Turns: 12604, Time: 01:48:19

Health: -13/72     AC: 10    Str: 16    XL:     9   Next: 99%
Magic:  18/18      EV: 14    Int: 19    God:    Vehumet [***...]
Gold:   336        SH:  0    Dex: 12    Spells: 6/20 levels left

rFire    . . .     SeeInvis .   a - +6 whip of Disarray {speed, rC++}
rCold    + + .     Gourm    .   (no shield)
rNeg     . . .     Faith    .   (armour unavailable)
rPois    .         Spirit   .   (helmet restricted)
rElec    +         Reflect  .   B - +0 cloak
rCorr    .         Harm     .   d - +0 pair of gloves
MR       .....                  v - +0 pair of boots
Stlth    ++........             (no amulet)
HPRegen  0.22/turn              H - +6 ring of strength
MPRegen  0.16/turn              t - ring of flight

@: lethally poisoned (-13 -> -14), short of breath
A: breathe lightning, unfitting armour, electricity resistance, cold-blooded, AC
+7
a: Breathe Lightning, Renounce Religion, Evoke Flight


You were on level 7 of the Dungeon.
You worshipped Vehumet.
Vehumet was most pleased with you.
You were not hungry.

You visited 1 branch of the dungeon, and saw 7 of its levels.

You collected 336 gold pieces.

Inventory:

Hand Weapons
 a - the +6 whip of Disarray (weapon) {speed, rC++}
   (You found it on level 6 of the Dungeon)

   Attacks with this weapon are significantly faster.
   It greatly protects you from cold.
 b - a +1 dagger of venom
 G - a +0 flail of draining
 I - a +0 halberd
 L - a +0 long sword of holy wrath
 M - a +1 dagger of electrocution
Missiles
 c - 7 boomerangs (quivered)
 e - 172 arrows
 m - 37 poisoned darts
 A - 29 bolts
 C - 4 throwing nets
Armour
 d - a +0 pair of gloves (worn)
 v - a +0 pair of boots (worn)
 B - a +0 cloak (worn)
 K - a +0 buckler
Jewellery
 t - a ring of flight (right hand)
 D - an uncursed ring of protection from fire
 H - a +6 ring of strength (left hand)
Wands
 p - a wand of disintegration (9)
 w - a wand of digging (8)
 P - a wand of polymorph (9)
 R - a wand of iceblast (9)
 U - a wand of flame (7)
Scrolls
 f - a scroll of magic mapping {unknown}
 g - 3 scrolls of blinking
 h - 3 scrolls of immolation {unknown}
 j - 5 scrolls of teleportation
 l - 2 scrolls of amnesia {unknown}
 n - a scroll of noise {unknown}
 o - 5 scrolls of remove curse
 u - 5 scrolls of identify {unknown}
 y - a scroll of fear {unknown}
 Q - 2 scrolls of enchant weapon {unknown}
 S - a scroll of fog {unknown}
Potions
 i - a potion of lignification {unknown}
 k - a potion of curing
 q - a potion of mutation {unknown}
 r - a potion of stabbing {unknown}
 s - a potion of flight {unknown}
 x - 2 potions of resistance
 z - 2 potions of heal wounds {unknown}
 F - a potion of haste
 J - a potion of degeneration {unknown}
 N - 2 potions of might
 O - a potion of berserk rage {unknown}
Comestibles
 E - 10 rations
 T - a chunk of flesh


   Skills:
 + Level 4.6 Fighting
 - Level 1.1 Throwing
 + Level 5.1 Dodging
 - Level 1.8 Stealth
 - Level 6.0 Spellcasting
 - Level 8.0 Conjurations
 - Level 8.0 Fire Magic


You had 6 spell levels left.
You knew the following spells:

 Your Spells              Type           Power        Failure   Level  Hunger
a - Foxfire               Conj/Fire      ####         1%          1    None
b - Sticky Flame          Conj/Fire      #####...     1%          4    ####...
c - Fireball              Conj/Fire      #####.....   3%          5    #####..
d - Airstrike             Air            #.........   28%         4    ####...

Your spell library contained the following spells:

 Spells                   Type           Power        Failure   Level  Hunger
 Conjure Flame            Conj/Fire      #####...     1%          3    ##.....
 Dazzling Flash           Conj/Hex       ###...       1%          3    ##.....
 Inner Flame              Hex/Fire       ###.....     1%          3    ##.....
 Corona                   Hex            #......      11%         1    None
 Ensorcelled Hibernation  Hex/Ice        #.....       17%         2    None
 Confusing Touch          Hex            #.......     32%         3    ##.....
 Recall                   Summ/Tloc      N/A          32%         3    ##.....
 Tukima's Dance           Hex            #.......     32%         3    ##.....
 Aura of Abjuration       Summ           #.........   97%         5    #####..
 Summon Demon             Summ           #.........   97%         5    #####..
 Summon Forest            Summ/Tloc      #.........   97%         5    #####..
 Summon Mana Viper        Hex/Summ       #.......     97%         5    #####..
 Shadow Creatures         Summ           N/A          100%        6    #######


Dungeon Overview and Level Annotations

Branches:
Dungeon (7/15)             Temple (0/1) D:6

Altars:
Fedhas
Gozag
Kikubaaqudgha
Okawaru
Qazlal
Trog
Vehumet
Yredelemnul


Innate Abilities, Weirdness & Mutations

You can breathe wild blasts of lightning.
Your glossy black scales are hard. (AC +7)
You cannot fit into any form of body armour.
You are resistant to electric shocks. (rElec)
You are cold-blooded and may be slowed by cold attacks.


Message History

The orc warrior is moderately wounded.
The orc warrior hits you with a +0 trident!!
* * * LOW HITPOINT WARNING * * *
Unknown command.
You feel sick. The orc warrior completely misses you.
You feel sick.
You breathe a wild blast of lightning!
You feel somewhat more hungry.
The orc warrior hits you from afar with a +0 trident!
* * * LOW HITPOINT WARNING * * *
Unknown command.
You feel sick.
You feel sick.
Evoke which item? (* to show all) (? for menu, Esc to quit)
Aiming: Iceblast
Press: ? - help, Shift-Dir - straight line, f - orc warrior
Aim: an orc warrior, wielding a +0 trident and wearing a +0 chain mail (moderately wounded)
The mass of ice explodes!
The iceblast engulfs the orc warrior!
The orc warrior is almost dead.
The orc warrior hits you from afar with a +0 trident!!
You die...

...#.#####.......# #.......#
##.#.##..........# ####...##
........#...##...# #...#
##.#.####........# #...#
...#.........#...# #...#
##.######........# #...#
#......###......#######...######
#....).####.#..#................
#....)...o.#.o.@...)............
##......####.##.#..<.............
........# ####.######.......####
######### .#. #.#...#.#


..ooo ## ## #[#...#.# .#### #.######.#...#.# .# #..............# a..
###..#####.#...### .#.. ##...............##### You could see an orc warrior.

Vanquished Creatures
  Harold (D:7)
  Joseph (D:7)
  An ice beast (D:7)
  6 ogres
  A necrophage (D:6)
  2 sky beasts
  2 bullfrogs
  3 scorpions
  6 wights
  A bullfrog zombie (D:6)
  2 quasits
  A centaur skeleton (D:3)
  6 gnoll shamans
  2 jellies
  A bullfrog skeleton (D:4)
  3 orc priests
  8 orc wizards
  5 worker ants
  11 adders
  39 gnolls
  3 shadow imps
  An ooze (D:4)
  An adder skeleton (D:7)
  3 worms
  A dart slug (D:3)
  6 leopard geckos
  38 orcs
  2 bats
  5 giant cockroaches
  8 goblins
  6 hobgoblins
  18 jackals
  5 kobolds
  2 quokkas
  2 ball pythons
  6 frilled lizards
  A leopard gecko skeleton (D:5)
  A leopard gecko zombie (D:6)
  2 quokka zombies
  6 rats
  A spectral orc (D:5)
220 creatures vanquished.

Vanquished Creatures (collateral kills)
  An orc (D:4)
1 creature vanquished.

Vanquished Creatures (others)
  375 foxfires
375 creatures vanquished.

Grand Total: 596 creatures vanquished

Notes
Turn   | Place    | Note
-------+----------+-------------------------------------------
     0 | D:1      | sanka the Draconian Fire Elementalist began the quest for
                  | the Orb.
     0 | D:1      | Reached XP level 1. HP: 14/14 MP: 3/3
   171 | D:1      | You fall into a shaft and drop 1 floor!
   192 | D:2      | Reached XP level 2. HP: 8/20 MP: 1/5
  1289 | D:2      | Reached XP level 3. HP: 26/26 MP: 3/6
  1348 | D:2      | Found an ancient bone altar of Kikubaaqudgha.
  2148 | D:2      | Noticed a scorpion
  2159 | D:2      | Reached skill level 1 in Throwing
  2305 | D:1      | Reached XP level 4. HP: 33/33 MP: 7/7
  2818 | D:2      | Learned a level 4 spell: Sticky Flame
  3238 | D:3      | Reached XP level 5. HP: 22/38 MP: 8/8
  4084 | D:3      | Found a bloodstained altar of Trog.
  4515 | D:3      | Found a blossoming altar of Fedhas.
  4667 | D:3      | Reached XP level 6. HP: 45/45 MP: 9/9
  5149 | D:4      | Found a radiant altar of Vehumet.
  5156 | D:4      | Became a worshipper of Vehumet
  6084 | D:4      | Found a stormy altar of Qazlal.
  6190 | D:4      | Reached skill level 5 in Fire Magic
  6472 | D:4      | Reached skill level 5 in Conjurations
  6499 | D:4      | Your scales start taking on a glossy black colour.
  6499 | D:4      | Reached XP level 7. HP: 45/50 MP: 5/10
  6499 | D:4      | Gained mutation: You are resistant to electric shocks.
                  | (rElec) [Black Draconian growth]
  6848 | D:5      | Entered Level 5 of the Dungeon
  7170 | D:5      | Reached * piety under Vehumet
  7170 | D:5      | Offered knowledge of Shock by Vehumet.
  8276 | D:5      | Reached ** piety under Vehumet
  8276 | D:5      | Offered knowledge of Magic Dart by Vehumet.
  8409 | D:5      | Reached XP level 8. HP: 53/57 MP: 7/12
  9429 | D:5      | Offered knowledge of Ignite Poison by Vehumet.
  9844 | D:5      | Found an iron altar of Okawaru.
 10173 | D:5      | Found a basalt altar of Yredelemnul.
 10213 | D:5      | Reached *** piety under Vehumet
 10684 | D:6      | Found a staircase to the Ecumenical Temple.
 10715 | D:6      | Reached XP level 9. HP: 56/62 MP: 16/16
 10788 | D:6      | Reached skill level 5 in Spellcasting
 10837 | D:6      | Got a dazzling whip
 10838 | D:6      | Identified the +6 whip of Disarray {speed, rC++} (You found
                  | it on level 6 of the Dungeon)
 11153 | D:6      | Found an opulent altar of Gozag.
 11192 | D:6      | Learned a level 5 spell: Fireball
 11294 | D:6      | Offered knowledge of Airstrike by Vehumet.
 11300 | D:6      | Learned a level 4 spell: Airstrike
 11591 | D:7      | Noticed Joseph
 11591 | D:7      | Noticed Harold
 11611 | D:7      | HP: 3/62 [Harold/harpoon shot (14)]
 11616 | D:7      | Killed Harold
 11913 | D:7      | Killed Joseph
 12214 | D:7      | Reached skill level 5 in Dodging
 12604 | D:7      | Mangled by an orc warrior

Illustrated notes

Levels and vault maps discovered:
D:1:      grunt_arrival_lava_bath, layout_loops_ring
D:2:      layout_basic, marbit_many_paths, lemuel_doored_altar, first_ration
D:3:      layout_loops_ring, nicolae_overflow_hidden_temple, bloody_trog,
          gup_sewer_entry_glass, minmay_strange_pillars
D:4:      layout_basic, overflow_temple_1_default, kennysheep_mini_moat
D:5:      lemuel_castle_with_subvaults [lemuel_castle_interior_carwin_3],
          layout_loops_ring, kennysheep_mini,
          yredelemnul_forgotten_temple_becter,
          minmay_a_box_with_orc_wizards_in_it
D:6:      layout_basic, nicolae_overflow_crystal_walls,
          minmay_temple_entry_purple_smoke
D:7:      layout_loops_cross, uniq_joseph, uniq_harold

Skill      XL: |  1  2  3  4  5  6  7  8  9 |
---------------+----------------------------+-----
Dodging        | 2 5 |  5.1
Throwing       | 1 |  1.1
Conjurations   | 2 3 5 6 8 |  8.0
Fire Magic     | 4 5 6 7 8 |  8.0
Spellcasting   | 4 6 |  6.0
Fighting       | 4 |  4.6
Stealth        | |  1.8

Action                   |  1- 3 |  4- 6 |  7- 9 || total
-------------------------+-------+-------+-------++-------
Melee: Tailslap          |     1 |     4 |    51 ||    56
       Unarmed           |     1 |       |       ||     1
       Dagger            |       |    22 |   248 ||   270
       Halberd           |       |     2 |     2 ||     4
       Whip              |       |       |   119 ||   119
Throw: Boomerang         |    34 |    80 |     4 ||   118
 Cast: Foxfire           |    37 |    78 |   113 ||   228
       Sticky Flame      |       |       |    17 ||    17
 Abil: Breathe Lightning |       |       |     4 ||     4
Evoke: Wand              |       |       |     1 ||     1
  Use: Scroll            |       |     2 |     1 ||     3
       Potion            |       |       |     2 ||     2
 Stab: Sleeping          |       |       |     5 ||     5
  Eat: Chunk             |     3 |    11 |    20 ||    34
       Ration            |       |     1 |     1 ||     2
Armor: Skin              |    14 |    55 |   136 ||   205
Dodge: Dodged            |    35 |    94 |   266 ||   395
